 Dungeon Crawl Stone Soup version 0.21-a0-396-ga924934 (webtiles) character file.

3556 tof the Carver (level 9, -5/81 HPs)
             Began as a Minotaur Monk on Oct 19, 2017.
             Was an Elder of Elyvilon.
             Slain by Spoonicorn's ghost (13 damage)
             ... on level 8 of the Dungeon.
             The game lasted 00:13:11 (5738 turns).

tof the Carver (Minotaur Monk)                      Turns: 5738, Time: 00:13:11

Health: -5/81      AC: 13    Str: 17    XL:     9   Next: 83%
Magic:  8/8        EV: 10    Int:  7    God:    Elyvilon [****..]
Gold:   507        SH:  0    Dex: 13    Spells: 8/8 levels left

rFire    . . .     SeeInvis .   n - +0 great sword
rCold    . . .     Gourm    .   (shield currently unavailable)
rNeg     . . .     Faith    .   e - +0 chain mail
rPois    .         Spirit   .   (helmet restricted)
rElec    .         Reflect  .   b - +0 cloak
rCorr    .         Harm     .   k - +0 pair of gloves
MR       +....                  (no boots)
Stlth    ..........             (no amulet)
HPRegen  0.23/turn              (no ring)
MPRegen  0.11/turn              (no ring)

@: heavily drained
A: retaliatory headbutt, horns 2, magic resistance 1, screaming 1, weak 1
a: Lesser Healing, Heal Other, Purification, Greater Healing, Divine Protection,
Renounce Religion


You were on level 8 of the Dungeon.
You worshipped Elyvilon.
Elyvilon was greatly pleased with you.
You were not hungry.

You visited 1 branch of the dungeon, and saw 8 of its levels.
You also visited: Sewer.

You collected 507 gold pieces.

Inventory:

Hand Weapons
 n - a +0 great sword (weapon)
Missiles
 a - 8 javelins (quivered)
 q - 5 needles of paralysis
 w - 13 tomahawks
Armour
 b - a +0 cloak (worn)
 e - a +0 chain mail (worn)
 k - a +0 pair of gloves (worn)
Jewellery
 s - an uncursed ring of resist corrosion {unknown}
Scrolls
 g - 2 scrolls of enchant weapon
 h - 9 scrolls of teleportation
 v - 3 scrolls of remove curse
 y - 2 scrolls of amnesia
 C - a scroll of fear
Potions
 d - a potion of berserk rage
 i - 3 potions of haste
 j - 5 potions of curing
 t - a potion of resistance
 u - 2 potions of brilliance {unknown}
 x - a potion of ambrosia {unknown}
 z - a potion of might {unknown}
 A - a potion of magic {unknown}
 B - 2 potions of heal wounds {unknown}
 E - a potion of cancellation {unknown}
Comestibles
 c - 9 bread rations
 f - 2 chunks of flesh
 m - 6 meat rations
 o - 9 fruits
 p - 7 royal jellies


   Skills:
 + Level 7.8(6.2) Fighting
 * Level 10.4(8.7) Long Blades
 * Level 9.6(8.0) Armour
 + Level 7.1(5.6) Dodging
 - Level 1.5(0.2) Stealth


You had 8 spell levels left.
You didn't know any spells.

Dungeon Overview and Level Annotations

Branches:
Dungeon (8/15)             Temple (0/1) D:7
   Lair: D:8-11

Altars:
Elyvilon
Fedhas
Kikubaaqudgha
Trog
Vehumet

Shops:
D:6 }

Annotations:
D:8 Spoonicorn's ghost, novice MiBe


Innate Abilities, Weirdness & Mutations

You reflexively headbutt those who attack you in melee.
You have a pair of horns on your head.
You are resistant to hostile enchantments. (MR+)
You occasionally shout uncontrollably at your foes.
You are weak. (Str -2)


Message History

Spoonicorn's ghost is lightly damaged.
Spoonicorn's ghost hits you!
* * * LOW HITPOINT WARNING * * *
You feel drained.
* * * LOW HITPOINT WARNING * * *
The gnoll misses you. The gnoll hits you but does no damage.
The crimson imp lashes its tail.
You hit Spoonicorn's ghost but do no damage.
You headbutt Spoonicorn's ghost.
Spoonicorn's ghost is lightly damaged.
Spoonicorn's ghost hits you!
* * * LOW HITPOINT WARNING * * *
You feel drained.
* * * LOW HITPOINT WARNING * * *
The gnoll hits you but does no damage. The crimson imp hits you.
* * * LOW HITPOINT WARNING * * *
The gnoll closely misses you. You furiously retaliate!
You headbutt the gnoll!
You kill the gnoll!
Spoonicorn's ghost hits you!
You die...

#.. #.# # #. #.#
.# #..... ..#
#######.##.# ...#
#.......##.##....#
#........5.Wg....#
#........#@##....
#..........)g.....
#....<......#.....
#........#..#..#>.
#.........)......
#####.#..#$.......
#....#...>....
#.#..........
#.#.##.#####.


You could see Spoonicorn's ghost, 2 gnolls and a crimson imp.

Vanquished Creatures
  A yak (D:7)
  3 hogs (D:7)
  A human (D:7)
  Duvessa (D:7)
  A sky beast (D:8)
  An orc warrior (D:7)
  4 ice beasts
  3 ogres
  3 centaurs
  Blork the orc (D:5)
  4 bullfrogs
  Dowan (D:7)
  A scorpion (D:6)
  3 howler monkeys
  4 crimson imps
  A bullfrog zombie (D:6)
  A jelly (D:7)
  4 centaur zombies
  A hound (D:6)
  2 centaur skeletons
  2 orc priests (D:6)
  6 orc wizards
  An iguana (D:5)
  A bullfrog skeleton (D:4)
  2 worker ants
  A hound zombie (D:2)
  2 hound skeletons
  8 gnolls
  7 adders
  6 river rats (Sewer)
  3 shadow imps
  An ooze (D:5)
  An adder skeleton (D:6)
  2 worms
  A dart slug (D:5)
  7 leopard geckos
  24 orcs
  8 giant cockroaches
  11 goblins
  12 hobgoblins
  7 jackals
  5 kobolds
  6 quokkas
  5 ball pythons
  5 bats
  15 frilled lizards
  A jackal skeleton (D:7)
  A quokka skeleton (D:4)
  16 rats
208 creatures vanquished.

Notes
Turn   | Place    | Note
-------+----------+-------------------------------------------
     0 | D:1      | tof the Minotaur Monk began the quest for the Orb.
     0 | D:1      | Reached XP level 1. HP: 19/19 MP: 0/0
   213 | D:1      | Reached skill level 1 in Armour
   213 | D:1      | Reached XP level 2. HP: 27/27 MP: 1/1
   342 | D:1      | Reached skill level 4 in Long Blades
   690 | D:2      | Reached XP level 3. HP: 33/33 MP: 2/2
   794 | D:2      | Found a blossoming altar of Fedhas.
   928 | D:2      | Found a white marble altar of Elyvilon.
   945 | D:2      | Became a worshipper of Elyvilon the Healer
   945 | D:2      | Reached * piety under Elyvilon
   945 | D:2      | Reached ** piety under Elyvilon
  1038 | D:2      | Reached XP level 4. HP: 37/40 MP: 3/3
  1180 | D:2      | Found a bloodstained altar of Trog.
  1570 | D:3      | You fall through a shaft for 2 floors!
  1570 | D:5      | Entered Level 5 of the Dungeon
  1580 | D:5      | Noticed an ice beast
  1592 | D:5      | Killed an ice beast
  1592 | D:5      | Reached skill level 5 in Long Blades
  1592 | D:5      | Reached XP level 5. HP: 35/47 MP: 4/4
  1700 | D:5      | Reached XP level 6. HP: 49/53 MP: 5/5
  1840 | D:4      | Reached skill level 5 in Fighting
  1840 | D:4      | Reached skill level 6 in Long Blades
  1884 | D:3      | Reached *** piety under Elyvilon
  1994 | D:3      | Found a bloodstained altar of Trog.
  2570 | D:4      | Found a radiant altar of Vehumet.
  2589 | D:4      | Found an ancient bone altar of Kikubaaqudgha.
  2599 | D:4      | Reached XP level 7. HP: 59/61 MP: 6/6
  2604 | D:4      | Reached skill level 5 in Armour
  2755 | D:4      | Reached skill level 5 in Dodging
  3162 | D:5      | Noticed Blork the orc
  3167 | D:5      | Killed Blork the orc
  3221 | D:5      | Reached skill level 7 in Long Blades
  3448 | D:6      | Found Piahang's Quality Used Wands.
  3504 | D:6      | Reached XP level 8. HP: 68/70 MP: 7/7
  3560 | D:6      | Found a glowing drain.
  3576 | D:6      | Reached skill level 8 in Long Blades
  3582 | Sewer    | Entered a sewer
  4083 | D:6      | Reached **** piety under Elyvilon
  4693 | D:7      | Reached skill level 9 in Long Blades
  4693 | D:7      | Reached XP level 9. HP: 78/78 MP: 8/8
  5024 | D:7      | Reached skill level 10 in Long Blades
  5223 | D:7      | Noticed Dowan
  5225 | D:7      | Noticed Duvessa
  5232 | D:7      | Killed Duvessa
  5240 | D:7      | Killed Dowan
  5331 | D:7      | Found a staircase to the Ecumenical Temple.
  5700 | D:7      | Gained mutation: You occasionally shout uncontrollably at your foes. [potion of mutation]
  5700 | D:7      | Gained mutation: You are clumsy. (Dex -2) [potion of mutation]
  5700 | D:7      | Gained mutation: Your mind is acute. (Int +2) [potion of mutation]
  5701 | D:7      | Lost mutation: Your mind is acute. (Int +2) [potion of mutation]
  5701 | D:7      | Lost mutation: You are clumsy. (Dex -2) [potion of mutation]
  5701 | D:7      | Gained mutation: You are weak. (Str -2) [potion of mutation]
  5701 | D:7      | Gained mutation: You are resistant to hostile enchantments. (MR+) [potion of mutation]
  5724 | D:8      | Noticed Spoonicorn's ghost (novice MiBe)
  5738 | D:8      | Slain by Spoonicorn's ghost

Vault maps used:
D:1:      eino_arrival_cavern_b
D:2:      fedhas_altar_fruit_tree, lightli_temple_of_fire, elyvilon_altar_3,
          minmay_goblin_kobold_house
D:3:      first_bread, minivault_4, trog_three_pillars_becter
D:4:      kennysheep_mini_moat, kiku_gazebo_pond_becter,
          minmay_misc_feat_more_columns
D:5:      kennysheep_generic_room_2, uniq_blork_the_orc
D:6:      portal_sewer_entry_f, nicolae_for_you_no_charge
D:7:      minmay_temple_entry_glassed_door, enter_bailey_7, grunt_livestock,
          minmay_strange_pillars, grunt_ministairs_10, uniq_duvessa
D:8:      chequers_temple_overflow_statue_of_worship, grunt_qazlal_sundering
Sewer:    sewer_co_cracked_pipes

Skill      XL: |  1  2  3  4  5  6  7  8  9 |
---------------+----------------------------+-----
Armour         | 1 2 3 4 6 8 9 |  9.6
Long Blades    | 4 5 6 7 9 10 | 10.4
Fighting       | 4 5 6 7 |  7.8
Dodging        | 4 5 6 7 |  7.1
Stealth        | |  1.5

Action                   |  1- 3 |  4- 6 |  7- 9 || total
-------------------------+-------+-------+-------++-------
Melee: Falchion          |    55 |       |       ||    55
       Headbutt          |    14 |    33 |    65 ||   112
       Great sword       |    26 |   152 |   275 ||   453
Invok: Purification      |       |     1 |       ||     1
  Use: Scroll            |       |       |    10 ||    10
       Potion            |       |       |     2 ||     2
  Eat: Chunk             |     1 |     5 |    11 ||    17
Armor: Chain mail        |    56 |   115 |   176 ||   347
       Robe              |     2 |       |       ||     2
Dodge: Dodged            |    30 |    96 |   217 ||   343
       Rpst.: Falchion   |     8 |       |       ||     8
       Great sword       |     6 |    34 |    44 ||    84

Table legend:
 A = Spawn XP
 B = Non-spawn XP
 C = Spawn XP percentage of total XP
 D = Spawn monster count
 E = Non-spawn monster count
 F = Spawn count percentage of total count
 G = Total turns spent on level
                    A         B        C        D         E        F      G
               +---------+---------+-------+---------+---------+-------+---------
         Total |       0 |    5081 |   0.0 |       0 |     208 |   0.0 |  5738
               +---------+---------+-------+---------+---------+-------+---------
           D:1 |       0 |      40 |   0.0 |       0 |      18 |   0.0 |   644
           D:2 |       0 |      78 |   0.0 |       0 |      26 |   0.0 |   756
           D:3 |       0 |      64 |   0.0 |       0 |      26 |   0.0 |   492
           D:4 |       0 |     444 |   0.0 |       0 |      22 |   0.0 |   796
           D:5 |       0 |     618 |   0.0 |       0 |      18 |   0.0 |   760
           D:6 |       0 |    1285 |   0.0 |       0 |      32 |   0.0 |   770
           D:7 |       0 |    2244 |   0.0 |       0 |      36 |   0.0 |  1077
           D:8 |       0 |     207 |   0.0 |       0 |       4 |   0.0 |    25
         Sewer |       0 |     101 |   0.0 |       0 |      26 |   0.0 |   418
               +---------+---------+-------+---------+---------+-------+---------
